cohdb
Replays
Latest Replays
All Replays
Popular Replays
Top Player Replays
Match Explorer
How It Works
Community
CoH3 Stats
Reddit
Sign in to upload your games and track your stats! →
Sign in with Steam
Reason why this game is still not fun to play
Match 23581688
Overview
Messages
Build Orders
End
Selects Italian Combined Arms Battlegroup
Selects Italian Combined Arms Battlegroup
Selects Bersaglieri Squad
Bersaglieri Squad
Kradschützen Motorcycle Team
Bersaglieri Squad
Bersaglieri Squad
Construct Light Support Kompanie
Selects Bersaglieri Bolster
2.5-tonne Medical Truck
Construct Mechanized Kompanie
Selects Breda Model 30 Light Machine Guns
8 Rad Armored Car
Panzerjäger Mechanized Group
8 Rad Armored Car
Panzerjäger Squad
Marder III Tank Destroyer
Selects Semovente da 75/18 Assault Gun
8 Rad Armored Car
Support Armor Elements
18-tonne Recovery Half-track
Bersaglieri Squad
Selects Strafing Run
Selects Artillery Cover
Marder III Tank Destroyer
Strafing Run
18-tonne Recovery Half-track
Strafing Run
18-tonne Recovery Half-track
Jesulin
JEFG
0
0
Comments
sign in to comment!
No comments posted yet!